 Dungeon Crawl Stone Soup version 0.27.0-1-g7a089689b8 (webtiles) character file.

Game seed: 1290482409576691124

524 Ozzies the Fighter (level 7, -10/69 HPs)
             Began as a Minotaur Fighter on Aug 5, 2021.
             Was a Believer of Okawaru.
             Mangled by an ogre (22 damage)
             ... on level 5 of the Dungeon on Aug 7, 2021.
             The game lasted 00:08:00 (4366 turns).

Ozzies the Fighter (Minotaur Fighter)               Turns: 4366, Time: 00:08:00

Health: -10/69     AC:  8    Str: 23    XL:     7   Next: 2%
Magic:  7/7        EV:  7    Int:  5    God:    Okawaru [**....]
Gold:   166        SH:  9    Dex:  9    Spells: 6/6 levels left

rFire    . . .     SeeInvis .   p - +4 dagger
rCold    . . .     Faith    .   c - +0 kite shield
rNeg     . . .     Spirit   .   b - +0 scale mail
rPois    .         Reflect  .   (helmet restricted)
rElec    .         Harm     .   (no cloak)
rCorr    .         Rampage  .   (no gloves)
Will     .....                  e - +0 pair of boots
Stlth    ..........             (no amulet)
HPRegen  0.21/turn              (no ring)
MPRegen  0.10/turn              (no ring)

@: studying Poison Magic
A: horns 2, retaliatory headbutt
a: Renounce Religion, Heroism


You were on level 5 of the Dungeon.
You worshipped Okawaru.
Okawaru was pleased with you.
You visited 1 branch of the dungeon, and saw 5 of its levels.
You also visited: Sewer.

You collected 166 gold pieces.

Inventory:

Hand Weapons
 a - a +0 flail
 p - a +4 dagger (weapon)
Missiles
 h - 17 poisoned darts
 j - 23 stones (quivered)
Armour
 b - a +0 scale mail (worn)
 c - a +0 kite shield (worn)
 e - a +0 pair of boots (worn)
Wands
 o - a wand of paralysis (9)
Scrolls
 l - 2 scrolls of enchant weapon
 q - 2 scrolls of teleportation {@r3 !r}
Potions
 d - 2 potions of might {@q3 !q}
 f - 3 potions of curing {@q1 !q}
 g - a potion of resistance {unknown}
 i - a potion of brilliance {unknown}
 k - a potion of flight {unknown}
 m - a potion of attraction {unknown}
 n - 2 potions of haste {unknown}
 r - a potion of mutation {unknown}
 s - a potion of magic {unknown}
 t - a potion of cancellation {unknown}


   Skills:
 * Level 8.8 Fighting
 + Level 1.0 Short Blades
 - Level 3.0 Maces & Flails
 - Level 4.0 Armour
 - Level 4.0 Shields
 * Level 1.4 Invocations


You had 6 spell levels left.
You didn't know any spells.
Your spell library contained the following spells:

 Spells                   Type           Power      Damage    Failure   Level
 Animate Skeleton         Necr           0%         N/A       99%         1
 Apportation              Tloc           0%         N/A       99%         1
 Corona                   Hex            0%         N/A       99%         1
 Summon Small Mammal      Summ           0%         N/A       99%         1
 Frozen Ramparts          Ice            0%         1d2       100%        3
 Ozocubu's Armour         Ice            0%         N/A       100%        3
 Animate Armour           Summ/Erth      0%         N/A       100%        4
 Freezing Cloud           Conj/Ice/Air   0%         6-21      100%        5
 Lee's Rapid Deconstruct  Erth           0%         3d5*      100%        5
 Iron Shot                Conj/Erth      0%         9d1       100%        6
 Ozocubu's Refrigeration  Ice            0%         4d5       100%        7
 Lehudib's Crystal Spear  Conj/Erth      0%         10d2      100%        8


Dungeon Overview and Level Annotations

Branches:
Dungeon (5/15)              Sewer (visited)
 Temple: D:4-7

Altars:
Okawaru
Xom


Innate Abilities, Weirdness & Mutations

You have a pair of horns on your head.
You reflexively headbutt those who attack you in melee.


Message History

No target in view!
No target in view!
No target in view!
No target in view!
No target in view!
No target in view!
No target in view!
No target in view!
No target in view!
You aren't carrying any pieces of jewellery.
A hound skeleton comes into view.
A hound skeleton is nearby!
A hound skeleton is nearby!
A hound skeleton is nearby!
You barely miss the hound skeleton. You block the hound skeleton's attack.
The hound skeleton bites you.
You hit the hound skeleton. You headbutt the hound skeleton.
The hound skeleton is moderately damaged.
You block the hound skeleton's attack.
You hit the hound skeleton.
Your headbutt misses the hound skeleton.
The hound skeleton is heavily damaged.
The hound skeleton bites you but does no damage.
You block the hound skeleton's attack.
You puncture the hound skeleton!
The hound skeleton is severely damaged.
You block the hound skeleton's attack.
You completely miss the hound skeleton. You headbutt the hound skeleton.
You destroy the hound skeleton!
Okawaru accepts your kill.
No target in view!
No target in view!
No target in view!
No target in view!
No target in view!
No target in view!
An iguana comes into view.
The iguana hisses angrily.
An iguana is nearby!
An iguana is nearby!
An iguana is nearby!
You block the iguana's attack.
You hit the iguana.
The iguana is lightly wounded.
You block the iguana's attack.
You barely miss the iguana.
You headbutt the iguana, but do no damage.
The iguana is lightly wounded.
The iguana barely misses you.
You hit the iguana.
The iguana is moderately wounded.
The iguana barely misses you.
You puncture the iguana!
The iguana is almost dead.
The iguana bites you.
You hit the iguana but do no damage. You headbutt the iguana.
The iguana is almost dead.
You block the iguana's attack. The iguana bites you.
You hit the iguana but do no damage.
The iguana is almost dead.
The iguana barely misses you.
You hit the iguana but do no damage. Your headbutt misses the iguana.
The iguana is almost dead.
You block the iguana's attack.
You hit the iguana but do no damage. Your headbutt misses the iguana.
The iguana is almost dead.
The iguana bites you.
You hit the iguana.
You kill the iguana!
Okawaru accepts your kill.
Your Short Blades skill increases to level 1!
You have reached level 7!
Magic restored.
An ogre comes into view. It is wielding a +0 giant club.
The ogre shouts!
An ogre is nearby!
An ogre is nearby!
An ogre is nearby!
An ogre is nearby!
Your shield and scale mail prevent you from hitting the ogre.
The ogre hits you with a +0 giant club!!
You hear a shout!
You hit the ogre but do no damage. Your headbutt misses the ogre.
You hear a shout! x2
A centaur comes into view.
The ogre hits you with a +0 giant club!!
* * * LOW HITPOINT WARNING * * *
The centaur wields a +0 shortbow.
The centaur shoots an arrow.
You block the arrow.
You puncture the ogre! You headbutt the ogre.
The ogre is heavily wounded.
The centaur shoots an arrow.
The arrow hits you!
* * * LOW HITPOINT WARNING * * *
You block the ogre's attack.
An orc comes into view. It is wielding a +0 long sword.
You barely miss the ogre.
The ogre is heavily wounded.
The orc shouts!
You hear a shout!
The ogre hits you with a +0 giant club!!
You die...

###. ..# .... ..# ..
..o. #.# #.##.#. #.c #.#
#.##.#. ###... #.#
#.##.#.
......######.#####.##.#.
........................
####..#.####.####.......
#. #@# #..........## #
#O####............
.........###.##.##
##.######.# #.##.## #.#
#.# #.##### ... ..# #.#
# ### #.# #.# ... ...
### ##.


You could see an ogre, a centaur and an orc.

Vanquished Creatures
  An ice beast (D:5)
  A water moccasin skeleton (D:5)
  An orc priest (D:3)
  A jelly (D:5)
  A bullfrog skeleton (D:4)
  An iguana (D:5)
  An orc wizard (D:3)
  A hound skeleton (D:5)
  3 gnolls
  4 river rats
  6 adders
  2 worms
  A dart slug (D:5)
  10 orcs
  4 bats
  6 endoplasms
  A giant cockroach (D:4)
  5 goblins
  5 hobgoblins
  11 jackals
  5 kobolds
  3 quokkas
  17 ball pythons
  10 frilled lizards
  9 rats
110 creatures vanquished.

Notes
Turn   | Place    | Note
-------+----------+-------------------------------------------
     0 | D:1      | Ozzies the Minotaur Fighter began the quest for the Orb.
     0 | D:1      | Reached XP level 1. HP: 19/19 MP: 0/0
    14 | D:1      | You fall into a shaft and drop 1 floor!
    20 | D:2      | Found a faded altar of an unknown god.
    29 | D:2      | Became a worshipper of Warmaster Okawaru
    29 | D:2      | Reached * piety under Okawaru
    87 | D:2      | Reached XP level 2. HP: 24/27 MP: 1/1
   389 | D:1      | Reached skill level 4 in Fighting
   503 | D:1      | Got Acatybaq's Grimoire of Stones
   524 | D:1      | Reached XP level 3. HP: 33/33 MP: 2/2
   976 | D:2      | Reached skill level 5 in Fighting
   987 | D:2      | Reached XP level 4. HP: 11/42 MP: 3/3
  1809 | D:3      | Found a shimmering altar of Xom.
  1996 | D:2      | Reached skill level 6 in Fighting
  2156 | D:3      | Reached XP level 5. HP: 40/51 MP: 4/4
  2568 | D:3      | Paralysed by a hobgoblin for 4 turns
  2642 | D:3      | Reached skill level 7 in Fighting
  2879 | D:4      | Identified a scroll of acquirement
  2879 | D:4      | Acquired a manual of Poison Magic
  3093 | D:4      | Got the Compendium of Snow and the Rocks
  3105 | D:4      | Found a glowing drain.
  3129 | Sewer    | Entered a sewer
  3150 | Sewer    | Reached ** piety under Okawaru
  3294 | Sewer    | Reached XP level 6. HP: 60/60 MP: 5/5
  3938 | D:5      | Entered Level 5 of the Dungeon
  3938 | D:5      | Noticed an ice beast
  3943 | D:5      | Killed an ice beast
  3944 | D:5      | Reached skill level 8 in Fighting
  4015 | D:5      | Reached skill level 1 in Invocations
  4275 | D:5      | Reached skill level 1 in Short Blades
  4275 | D:5      | Reached XP level 7. HP: 54/69 MP: 5/7
  4366 | D:5      | Mangled by an ogre

Illustrated notes

Levels and vault maps discovered:
D:1:      lightli_arrival_noodles, layout_rooms, minmay_tetromino_s2
D:2:      layout_rooms, ebering_ecumenical_altar_hall
D:3:      layout_loops_ring, mainiacjoe_overflow_24_doors
D:4:      layout_basic, portal_sewer_entry_c, serial_bayou_lagoon_b
D:5:      layout_basic

Skill      XL: |  1  2  3  4  5  6 |
---------------+-------------------+-----
Fighting       | 4 5 6 7 8 |  8.8
Shields        | 4 |  4.0
Armour         | 4 |  4.0
Maces & Flails | 3 |  3.0
Invocations    | 1 |  1.4
Short Blades   | 1 |  1.0

Action                   |  1- 3 |  4- 6 |  7- 9 || total
-------------------------+-------+-------+-------++-------
Melee: Flail             |    65 |    91 |       ||   156
       Headbutt          |    11 |    35 |     1 ||    47
       Dagger            |       |   119 |     4 ||   123
  Use: Scroll            |       |     7 |       ||     7
Armor: Scale mail        |    35 |    89 |       ||   124
Dodge: Dodged            |    20 |    61 |       ||    81
Block: Kite shield       |    30 |   102 |     2 ||   134
